cohdb
Replays
Latest Replays
All Replays
Popular Replays
Top Player Replays
Match Explorer
How It Works
Community
CoH3 Stats
Reddit
Sign in to upload your games and track your stats! →
Sign in with Steam
Match 41066590
Unlisted
Match 41066590
Overview
Messages
Build Orders
End
Kradschützen Motorcycle Team
Selects Armored Support Battlegroup
250 Light Carrier
Panzerpioneer Squad
250 Light Carrier
250 Light Carrier
Construct Light Support Kompanie
Combat Half-tracks
Fire Support Elements
Selects Superior Fire Drills
Vehicle Survival Package
Tungsten Core Ammunition
Pak 38 Mechanized Group
Construct Panzerarmee Kommand
Advanced Field Repairs
Selects Flammpanzer III Medium Tank
Flammpanzer III Medium Tank
Pak 38 Anti-tank Gun Team
Emergency Repair Kits
le.IG 18 Mechanized Group
Panzer III L Medium Tank
Kylen
runningDuck
spinn72
Vettlen
GODOKGAME
gr8vibezZ
0
0
Comments
sign in to comment!
No comments posted yet!